 Dungeon Crawl Stone Soup version 0.30-a0-528-g8c47a4955b (webtiles) character file.

Game seed: 11396168069347779983

116 Sabo the Covered (level 4, 0/40 HPs)
             Began as an Armataur Fighter on Dec 23, 2022.
             Slain by a goblin
             ... wielding a +0 club
             ... led by Robin
              (4 damage)
             ... on level 3 of the Dungeon.
             The game lasted 00:11:46 (2181 turns).

Sabo the Covered (Armataur Fighter)                 Turns: 2181, Time: 00:11:47

Health: 0/40       AC:  7    Str: 19 (23) XL:     4   Next: 70%
Magic:  4/4        EV:  7    Int:  2 (8)  God:
Gold:   63         SH:  0    Dex:  6 (10) Spells: 3/3 levels left

rFire   + . .      SeeInvis .    f - +4 short sword
rCold   . . .      Faith    .    c - +0 buckler
rNeg    . . .      Spirit   .    b - +0 scale mail
rPois   .          Reflect  .    (no helmet)
rElec   .          Harm     .    (no cloak)
rCorr   .          Roll     +    (no gloves)
Will    .....                    (no barding) Stlth
                                 (no amulet)
HPRegen 0.26/turn                h - ring of protection from fire
MPRegen 0.09/turn                (no ring)

@: confused, mighty, lethally poisoned (0 -> -2), ambrosia-drunk
A: large, rugged brown scales 3, deformed body, armoured tail, roll, long
tongue, awkward tongue
a: no special abilities


You were on level 3 of the Dungeon.
You visited 1 branch of the dungeon, and saw 3 of its levels.

You collected 63 gold pieces.

Inventory:

Hand Weapons
 a - a +0 war axe
 f - a +4 short sword (weapon)
Missiles
 g - 4 boomerangs (quivered)
 n - 5 javelins
 o - 4 poisoned darts
Armour
 b - a +0 scale mail (worn)
 c - a +0 buckler (worn)
Jewellery
 h - a ring of protection from fire (left hand)
Scrolls
 e - a scroll of enchant weapon
 i - a scroll of brand weapon
 p - a scroll of teleportation {unknown}
 r - a scroll of fog {unknown}
Potions
 k - a potion of flight {unknown}
 m - a potion of degeneration
 q - a potion of invisibility
 s - a potion of heal wounds {unknown}


   Skills:
 + Level 3.2 Fighting
 + Level 1.0 Short Blades
 + Level 2.3 Axes
 + Level 4.7 Armour
 + Level 0.2 Dodging
 + Level 3.7 Shields


You had 3 spell levels left.
You didn't know any spells.
Your spell library contained the following spells:

 Spells                   Type           Power      Damage    Failure   Level
 Sandblast                Erth           0%         2d4       93%         1
 Passwall                 Tmut/Erth      0%         N/A       98%         2
 Stone Arrow              Conj/Erth      0%         3d7       100%        3


Dungeon Overview and Level Annotations

Branches:
Dungeon (3/15)

Altars:

Shops:
D:2 (


Innate Abilities, Weirdness & Mutations

You are completely covered in rugged brown scales. (AC +3, +7% HP)
Armour fits poorly on your strangely shaped body.
You have a long armoured tail.
You roll when moving toward enemies. (Rampage)
Your long tongue fully drains potion bottles. (2x potion effects)
Your tongue gives you trouble enunciating. (1.5x scroll delay)


Message History

The goblin hits you but does no damage. The hobgoblin hits you.
You hit Robin.
You kill Robin!
You feel very sick. The goblin hits you but does no damage.
The hobgoblin hits you but does no damage.
The hobgoblin hits you. You block the goblin's attack. The hobgoblin hits you.
Your Short Blades skill increases to level 1!
You hit the hobgoblin. You tail-slap the hobgoblin.
You kill the hobgoblin!
You feel sick. The goblin hits you with a +0 club.
* * * LOW HITPOINT WARNING * * *
The hobgoblin hits you.
* * * LOW HITPOINT WARNING * * *
The goblin hits you with a +0 club.
* * * LOW HITPOINT WARNING * * *
The hobgoblin closely misses you.
You slurp down every last drop of the potion of might!
You feel very mighty all of a sudden.
* * * LOW HITPOINT WARNING * * *
You feel sick. The goblin hits you with a +0 club.
* * * LOW HITPOINT WARNING * * *
The hobgoblin closely misses you. The goblin hits you but does no damage.
The hobgoblin completely misses you.
You slurp down every last drop of the 2 bubbling pink potions!
It was a potion of degeneration.
There was something very wrong with that liquid.
You feel weakened.
You feel dopey.
You feel clumsy.
* * * LOW HITPOINT WARNING * * *
You feel sick. The goblin hits you but does no damage.
The hobgoblin hits you but does no damage.
The goblin closely misses you.
The hobgoblin hits you but does no damage.
You slurp down every last drop of the pink potion!
It was a potion of ambrosia.
You are confused.
You feel invigorated.
You feel sick. The goblin hits you with a +0 club.
* * * LOW HITPOINT WARNING * * *
The hobgoblin barely misses you. The goblin hits you with a +0 club.
You die...

### ..
####### .#
......g#g####
#...†@g...#
#...g)##....#
......... #.#
.........#
.........#
..........
....=.....
...........


You could see 2 hobgoblins and 2 goblins.

Vanquished Creatures
  Jessica (D:2)
  Robin (D:3)
  3 adders (D:2)
  A worm (D:2)
  A dart slug (D:1)
  4 bats
  2 endoplasms
  2 giant cockroaches (D:2)
  9 goblins
  7 hobgoblins
  4 quokkas
  3 ball pythons (D:1)
  2 frilled lizards (D:1)
  5 kobolds
  2 rats (D:2)
47 creatures vanquished.

Vanquished Creatures (others)
  2 plants (D:2)
2 creatures vanquished.

Grand Total: 49 creatures vanquished

Notes
Turn   | Place    | Note
-------+----------+-------------------------------------------
     0 | D:1      | Sabo the Armataur Fighter began the quest for the Orb.
     0 | D:1      | Reached XP level 1. HP: 19/19 MP: 1/1
   366 | D:1      | Reached skill level 4 in Armour
   376 | D:1      | Reached XP level 2. HP: 23/26 MP: 2/2
  1387 | D:2      | Reached XP level 3. HP: 33/33 MP: 3/3
  1519 | D:2      | Noticed Jessica
  1528 | D:2      | Found Yzovo's Antique Weapon Shop.
  1539 | D:2      | HP: 1/33 [Jessica/nerve-wracking pain (11)]
  1540 | D:2      | Killed Jessica
  1541 | D:2      | Reached XP level 4. HP: 2/40 MP: 4/4
  2024 | D:3      | Noticed Robin
  2177 | D:3      | Killed Robin
  2178 | D:3      | Reached skill level 1 in Short Blades
  2179 | D:3      | HP: 2/40 [goblin/+0 club[Robin] (3)]
  2181 | D:3      | Slain by a goblin

Illustrated notes

Levels and vault maps discovered:
D:1:      dpeg_arrival_castle, layout_loops_corners, roderic_serpentine_path,
          kennysheep_decorative_pillar, serial_bayou_pond_a, minmay_misc_feat_x
D:2:      layout_rooms, serial_shops, nicolae_shop_overgrown_old_shop,
          minivault_24, kennysheep_generic_room_13, uniq_jessica
D:3:      layout_basic, uniq_robin

Skill      XL: |  1  2  3  4 |
---------------+-------------+-----
Armour         | 4 |  4.7
Fighting       | 3 |  3.2
Axes           | 2 |  2.3
Short Blades   | 1 |  1.0
Dodging        | |  0.2
Shields        | |  3.7

Action                   |  1- 3 |  4- 6 || total
-------------------------+-------+-------++-------
Melee: War axe           |    16 |       ||    16
       Short sword       |    79 |    41 ||   120
       Tailslap          |     9 |     5 ||    14
  Use: Potion            |       |     4 ||     4
       Scroll            |       |     2 ||     2
Armor: Scale mail        |    56 |    48 ||   104
Dodge: Dodged            |    36 |    29 ||    65
Block: Buckler           |    16 |    17 ||    33

Table legend: (Time is in decaauts)
 A = Elapsed time spent in this place.
 B = Non-inter-level travel time spent in this place.
 C = Inter-level travel time spent in this place.
 D = Time resting spent in this place.
 E = Time spent auto-exploring this place.
 F = Levels seen in this place.
 G = Mean time per level.
                   A        B        C        D        E       F      G
               +--------+--------+--------+--------+--------+-----+--------+
         Total |   2191 |   2191 |      0 |    272 |      0 |   3 |  730.3 |
       Dungeon |   2191 |   2191 |      0 |    272 |      0 |   3 |  730.3 |
               +--------+--------+--------+--------+--------+-----+--------+

Top non-repeatable levels by time:
     D:1: 1310 daAuts
     D:2: 866 daAuts
     D:3: 15 daAuts
